Construct Section Command Post
Construct Platoon Command Post
Selects Indian Artillery Battlegroup
Selects Towed ML 4.2-inch Heavy Mortar
Towed ML 4.2-inch Heavy Mortar
6-pounder Anti-tank Gun Team
Selects Gurkha Rifles Section
Construct Company Command Post
Selects Off-map Airburst Barrage
Unlock M3 Grant Medium Tanks
Selects Perimeter Monitor
Unlock Towed 17-pounder Anti-tank Guns
17-pounder Anti-tank Gun Team